 Dungeon Crawl Stone Soup version 0.26-a0-652-gafc20e3620 (webtiles) character file.

Game seed: 17998870356487942379

17140 DoubleLucky the Summoner (level 12, -3/73 (74) HPs)
             Began as a Tengu Summoner on Oct 3, 2020.
             Was a High Priest of Vehumet.
             Slain by Donald
             ... wielding a +0 vorpal long sword
              (4 damage)
             ... on level 1 of the Orcish Mines.
             The game lasted 02:31:23 (22130 turns).

DoubleLucky the Summoner (Tengu Summoner)          Turns: 22130, Time: 02:31:24

HP:   -3/73 (74)    AC: 13    Str: 10    XL:     12   Next: 44%
MP:   0/24          EV: 21    Int: 19    God:    Vehumet [*****.]
Gold: 1113          SH:  5    Dex: 15    Spells: 6/26 levels left

rFire    . . .     SeeInvis +   A - +3 trident (freeze)
rCold    . . .     Faith    .   t - +0 buckler
rNeg     + . .     Spirit   +   O - +4 troll leather armour
rPois    +         Reflect  .   p - +1 hat
rElec    .         Harm     .   (no cloak)
rCorr    .         Rampage  .   m - +1 pair of gloves
MR       +....                  (boots unavailable)
Stlth    +.........             S - amulet of guardian spirit
HPRegen  0.62/turn              a - ring "Tuhou" {rPois rN+ SInv Stlth-}
MPRegen  0.19/turn              I - ring of protection from magic

@: flying quickly and evasively, quick
A: beak, talons 3, able to fly
a: Stop Flying, Renounce Religion


You were on level 1 of the Orcish Mines.
You worshipped Vehumet.
Vehumet was extremely pleased with you.
You visited 3 branches of the dungeon, and saw 17 of its levels.

You collected 1113 gold pieces.

Inventory:

Hand Weapons
 A - a +3 trident of freezing (weapon)
 N - a +3 scimitar of flaming
 W - the +8 rapier of the Rattlesnake {pain, *Drain rC+ Stlth+}
   (You took it off an orc priest on level 13 of the Dungeon)

   In the hands of one skilled in necromantic magic, it inflicts extra damage on
   living creatures.
   It protects you from cold.
   It causes draining when unequipped.
   It makes you more stealthy.
 X - a +1 glaive of flaming
Missiles
 b - 51 poisoned darts
 q - 11 atropa-tipped darts
 v - 3 throwing nets (quivered)
Armour
 k - +0 acid dragon scales
 m - a +1 pair of gloves (worn)
 p - a +1 hat (worn)
 t - a +0 buckler (worn)
 x - a +0 ring mail
 E - a +0 leather armour of fire resistance
 O - a +4 troll leather armour (worn)
Jewellery
 a - the ring "Tuhou" (left hand) {rPois rN+ SInv Stlth-}
   (You found it on level 6 of the Dungeon)

   [ring of attention]

   It protects you from poison.
   It protects you from negative energy.
   It lets you see invisible.
   It makes you less stealthy.
 h - an uncursed amulet of magic regeneration
 w - an uncursed ring of magical power
 F - an uncursed ring of protection from cold {unknown}
 H - an uncursed ring of flight {unknown}
 I - a ring of protection from magic (right hand)
 S - an amulet of guardian spirit (around neck)
Wands
 B - a wand of digging (2)
Scrolls
 d - 2 scrolls of identify
 g - 7 scrolls of remove curse
 j - a scroll of amnesia
 n - 10 scrolls of teleportation
 s - a scroll of torment
 y - 2 scrolls of enchant armour
 G - a scroll of fog
 J - 4 scrolls of blinking
 V - 2 scrolls of vulnerability
Potions
 c - 2 potions of lignification
 e - a potion of haste
 f - 2 potions of degeneration
 i - 5 potions of curing
 l - 2 potions of might
 o - 3 potions of ambrosia
 r - a potion of invisibility
 z - 2 potions of resistance
 C - a potion of berserk rage
 D - a potion of heal wounds {unknown}
 K - a potion of brilliance
 T - 3 potions of cancellation
 U - 4 potions of stabbing {unknown}
Miscellaneous
 u - a lightning rod (4/4)
 M - a lightning rod (4/4)


   Skills:
 + Level 8.2 Fighting
 + Level 8.1 Polearms
 + Level 8.9 Armour
 + Level 9.3 Dodging
 - Level 2.0 Stealth
 - Level 4.0 Shields
 + Level 7.8 Spellcasting
 + Level 10.8 Summonings


You had 6 spell levels left.
You knew the following spells:

 Your Spells              Type           Power        Failure   Level
a - Summon Small Mammal   Summ           ####         1%          1
b - Call Imp              Summ           #####...     1%          2
c - Call Canine Familiar  Summ           #####...     1%          3
d - Summon Guardian Gole  Hex/Summ       ####....     3%          3
e - Summon Ice Beast      Ice/Summ       ####....     13%         4
f - Summon Lightning Spi  Summ/Air       ####....     13%         4
g - Searing Ray           Conj           #.....       5%          2
h - Foxfire               Conj/Fire      #...         3%          1

Your spell library contained the following spells:

 Spells                   Type           Power        Failure   Level
 Yara's Violent Unravell  Hex/Tmut       #.........   58%         5
 Beastly Appendage        Tmut           #.....       12%         1
 Wereblood                Tmut           #.......     19%         2
 Spider Form              Tmut/Pois      #.........   34%         3
 Ice Form                 Ice/Tmut       #.......     75%         4
 Blade Hands              Tmut           #.........   97%         5


Dungeon Overview and Level Annotations

Branches:
Dungeon (14/15)            Temple (1/1) D:7            Lair (0/6) D:11
    Orc (2/2) D:12
    Elf: Orc:2       Vaults: D:13-14

Altars:
Ashenzari
Cheibriados
Dithmenos
Elyvilon
Fedhas
Gozag
Hepliaklqana
Kikubaaqudgha
Makhleb
Nemelex Xobeh
Okawaru
Qazlal
Ru
Sif Muna
Trog
Uskayaw
Vehumet
Wu Jian
Xom
Yredelemnul
Zin
The Shining One

Portals:
Trove: D:11 (give +6 demon trident)

Annotations:
D:5 exclusion: downstairs
D:6 exclusion: 2 downstairs
D:8 exclusion: downstairs
D:9 exclusion: downstairs
Orc:1 Donald


Innate Abilities, Weirdness & Mutations

You have a beak for a mouth.
You have claws for feet.
You can fly continuously.


Message History

Press: ? - help, Dir - move target cursor
As you read the scroll of blinking, it crumbles to dust.
Casting: Summon Small Mammal (safe; 1% risk of failure)
Confirm with . or Enter, or press ? or * to list all spells.
An electric hum fills the air.
Casting: Summon Lightning Spire (dangerous; 13% risk of failure)
Confirm with . or Enter, or press ? or * to list all spells.
You don't have enough magic to cast that spell.
Press: ? - help, v - describe, . - travel
Here: Donald, wielding a +0 vorpal long sword, wearing a +0 chain mail and wearing a +0 kite shield of reflection (fast, strong)
The floor.
Donald says, "I prefer the Lair of the Beasts, to be honest.
At least animals don't complain."
Donald says, "I prefer the Lair of the Beasts, to be honest.
At least animals don't complain."
Your lightning spire shoots out a bolt of lightning at Donald!
The bolt of electricity hits Donald!
There is a staircase back to the Dungeon here.
Donald says, "I've got a headache.
I hate that."
Donald hits you with a +0 vorpal long sword!!
* * * LOW HITPOINT WARNING * * *
You die...

#.....)...#..........##
##.........#...........#
#.....................##
#.....................#
#....................##
#....[............#.##
##........#.#.#..####
##.....@..#.######
#....#.@.....#
##........#.##
#....##...###
##.#####.## ### ###


You could see Donald (fast, strong).

Vanquished Creatures
  A centaur warrior (D:13)
  A tengu warrior (D:13)
  A cyclops (D:13)
  A centaur zombie (D:11)
  A gargoyle (D:13)
  A troll (D:12)
  A slime creature (D:12)
  A harpy skeleton (D:13)
  7 yaks
  A shadow (D:11)
  2 vampire mosquitoes (D:13)
  An acid dragon (D:11)
  A water moccasin (D:11)
  2 porcupines (D:11)
  An orc warrior (D:13)
  An ice beast (D:11)
  2 sky beasts
  2 black bears
  3 necrophages
  5 ogres
  4 centaurs
  3 crocodiles (D:11)
  3 big kobolds
  7 bullfrogs
  A gnoll sergeant (D:7)
  A scorpion (D:8)
  5 killer bees
  5 wights
  A jelly (D:9)
  2 orc priests
  3 centaur skeletons
  3 hounds
  3 orc wizards
  7 worker ants
  A worker ant zombie (D:6)
  9 adders
  3 gnolls
  2 river rats (D:3)
  2 white imps
  An ufetubus (D:8)
  An adder zombie (D:6)
  2 adder skeletons
  2 leopard geckos (D:3)
  12 orcs
  A ball python (D:2)
  4 bats
  6 giant cockroaches
  4 hobgoblins
  5 jackals
  4 quokkas
  2 frilled lizards (D:3)
  4 goblins
  10 kobolds
  3 kobold skeletons (D:9)
  3 kobold zombies (D:9)
  3 rats
168 creatures vanquished.

Vanquished Creatures (collateral kills)
  Snorg (D:10)
  A rakshasa (D:13)
  Erolcha (D:13)
  An ogre mage (D:10)
  A centaur warrior (D:13)
  A catoblepas (D:9)
  A two-headed ogre (D:9)
  A tengu warrior (D:13)
  Urug (D:9)
  A slime creature (D:12)
  Maggie (D:9)
  A kobold demonologist (D:9)
  A centaur skeleton (D:13)
  A troll (D:9)
  A hornet (D:8)
  3 hippogriffs
  Sigmund (D:5)
  9 yaks
  2 wyverns
  A vampire mosquito (D:13)
  Menkaure (D:6)
  A water moccasin (D:10)
  A porcupine (D:11)
  9 orc warriors
  2 sky beasts (D:7)
  An eye of draining (D:9)
  2 black bears
  A phantom (D:4)
  4 ogres
  10 centaurs
  5 bullfrogs
  6 big kobolds
  A gnoll sergeant (D:7)
  2 water moccasin skeletons
  4 scorpions
  4 jellies
  4 killer bees
  7 wights
  4 howler monkeys
  A quasit (D:12)
  A bullfrog zombie (D:8)
  8 orc priests
  2 hounds (D:8)
  A bullfrog skeleton (D:13)
  4 iguanas
  4 worker ants
  9 orc wizards
  2 hound skeletons
  12 gnolls
  A howler monkey skeleton (D:4)
  9 adders
  A river rat (D:3)
  3 shadow imps (D:9)
  A white imp (D:10)
  3 oozes
  An adder skeleton (D:4)
  2 worms
  2 dart slugs (D:2)
  2 leopard geckos
  41 orcs
  3 giant cockroaches
  7 goblins
  7 hobgoblins
  9 jackals
  36 kobolds
  A quokka (D:7)
  2 ball pythons
  4 bats
  3 frilled lizards
  8 kobold skeletons (D:9)
  4 kobold zombies (D:9)
  A leopard gecko skeleton (D:6)
  2 rats
297 creatures vanquished.

Vanquished Creatures (others)
  Erica (D:9)
  A yak (D:10)
  A water moccasin (D:11)
  A sky beast (D:10)
  2 nameless horrors (D:10)
  A wight (D:10)
  3 fungi (D:11)
  12 plants
22 creatures vanquished.

Grand Total: 487 creatures vanquished

Notes
Turn   | Place    | Note
-------+----------+-------------------------------------------
     0 | D:1      | DoubleLucky the Tengu Summoner began the quest for the Orb.
     0 | D:1      | Reached XP level 1. HP: 10/10 MP: 4/4
   179 | D:1      | Reached XP level 2. HP: 11/16 MP: 1/6
   183 | D:1      | Learned a level 2 spell: Call Imp
   527 | D:1      | Reached skill level 5 in Summonings
  1065 | D:1      | Reached skill level 1 in Armour
  1347 | D:1      | Reached XP level 3. HP: 20/20 MP: 1/7
  1542 | D:2      | Reached skill level 1 in Fighting
  2349 | D:2      | Noticed a centaur
  2359 | D:2      | HP: 1/20 [centaur (3)]
  2359 | D:2      | Killed a centaur
  2359 | D:2      | Reached XP level 4. HP: 1/25 MP: 2/9
  2685 | D:2      | Gained mutation: You can fly continuously. [Tengu growth]
  2685 | D:2      | Reached XP level 5. HP: 28/29 MP: 0/10
  3198 | D:2      | Reached skill level 1 in Shields
  4314 | D:3      | HP: 1/30 [river rat (8)]
  4621 | D:3      | Reached XP level 6. HP: 34/35 MP: 8/11
  5322 | D:4      | Learned a level 3 spell: Call Canine Familiar
  5641 | D:4      | Noticed a phantom
  5670 | D:4      | Killed a phantom
  6001 | D:4      | Reached XP level 7. HP: 37/40 MP: 13/13
  6233 | D:4      | Reached skill level 6 in Summonings
  6637 | D:5      | Entered Level 5 of the Dungeon
  6691 | D:5      | Noticed Sigmund
  6706 | D:5      | Killed Sigmund
  7225 | D:5      | Found a stormy altar of Qazlal.
  7225 | D:5      | You are sucked into a shaft and drop 1 floor!
  7626 | D:6      | Reached skill level 1 in Polearms
  7648 | D:6      | Identified the ring of Moderation {+Inv +Fly}
  7866 | D:6      | Reached XP level 8. HP: 42/46 MP: 14/14
  8032 | D:6      | Got a smoking brass ring
  8576 | D:6      | Noticed Menkaure
  8814 | D:6      | Killed Menkaure
  9269 | D:6      | Learned a level 3 spell: Summon Guardian Golem
  9671 | D:7      | Identified the ring "Tuhou" {rPois rN+ SInv Stlth-} (You
                  | found it on level 6 of the Dungeon)
  9682 | D:7      | Reached skill level 5 in Dodging
  9717 | D:7      | Reached skill level 7 in Summonings
  9823 | D:6      | Reached XP level 9. HP: 52/52 MP: 13/16
 10368 | D:7      | Found an iron altar of Okawaru.
 10373 | D:7      | Found a staircase to the Ecumenical Temple.
 10600 | D:7      | Reached skill level 5 in Armour
 10970 | Temple   | Entered the Ecumenical Temple
 11096 | Temple   | Became a worshipper of Vehumet
 11835 | D:8      | Reached skill level 5 in Spellcasting
 12065 | D:8      | Noticed a hornet
 12104 | D:8      | Reached skill level 5 in Fighting
 12644 | D:8      | Killed a hornet
 12644 | D:8      | Reached skill level 8 in Summonings
 13485 | D:9      | Noticed a catoblepas
 13650 | D:9      | Reached XP level 10. HP: 59/59 MP: 17/19
 13722 | D:9      | Reached * piety under Vehumet
 13722 | D:9      | Offered knowledge of Foxfire by Vehumet.
 13725 | D:9      | Learned a level 1 spell: Foxfire
 13730 | D:9      | Learned a level 4 spell: Summon Ice Beast
 14399 | D:9      | Killed a catoblepas
 14399 | D:9      | Reached skill level 5 in Polearms
 14765 | D:9      | Reached ** piety under Vehumet
 14765 | D:9      | Offered knowledge of Searing Ray by Vehumet.
 14877 | D:9      | Learned a level 2 spell: Searing Ray
 14944 | D:9      | Found an ancient bone altar of Kikubaaqudgha.
 14944 | D:9      | Noticed a kobold demonologist
 15063 | D:9      | Killed a kobold demonologist
 15293 | D:9      | Found a bloodstained altar of Trog.
 15401 | D:9      | Offered knowledge of Mephitic Cloud by Vehumet.
 15496 | D:9      | Noticed Erica
 15515 | D:9      | Killed Erica
 15620 | D:9      | Learned a level 4 spell: Summon Lightning Spire
 15791 | D:9      | Noticed Maggie
 15809 | D:9      | Killed Maggie
 15874 | D:9      | Reached *** piety under Vehumet
 16206 | D:10     | Entered Level 10 of the Dungeon
 16229 | D:10     | Noticed a two-headed ogre
 16230 | D:10     | Noticed Snorg
 16310 | D:10     | Reached skill level 9 in Summonings
 16335 | D:9      | Killed a two-headed ogre
 16412 | D:10     | Killed Snorg
 16412 | D:10     | Reached XP level 11. HP: 51/65 MP: 1/21
 16698 | D:10     | Noticed Urug
 16796 | D:9      | Killed Urug
 16796 | D:9      | Offered knowledge of Inner Flame by Vehumet.
 17327 | D:10     | Noticed an ogre mage
 17343 | D:10     | Killed an ogre mage
 17735 | D:11     | Reached **** piety under Vehumet
 17748 | D:11     | Found a portal to a secret trove of treasure.
 17840 | D:11     | Offered knowledge of Fireball by Vehumet.
 17892 | D:11     | Found a staircase to the Lair.
 18144 | D:11     | Reached skill level 10 in Summonings
 18247 | D:11     | You are sucked into a shaft and drop 2 floors!
 18317 | D:13     | Noticed a rakshasa
 18323 | D:13     | Noticed a tengu warrior
 18392 | D:13     | Noticed a centaur warrior
 18424 | D:13     | Killed a centaur warrior
 18579 | D:13     | Killed a rakshasa
 18734 | D:13     | Reached ***** piety under Vehumet
 18734 | D:13     | Offered knowledge of Yara's Violent Unravelling by Vehumet.
 18749 | D:13     | Identified the +8 rapier of the Rattlesnake {pain, *Drain
                  | rC+ Stlth+}
 18780 | D:13     | Killed a tengu warrior
 18780 | D:13     | Reached XP level 12. HP: 50/72 MP: 11/24
 18975 | D:13     | Noticed Erolcha
 18989 | D:13     | Killed Erolcha
 19117 | D:13     | Noticed a centaur warrior
 19134 | D:13     | Killed a centaur warrior
 19849 | D:13     | Noticed a tengu warrior
 19863 | D:13     | Killed a tengu warrior
 20761 | D:12     | Found a staircase to the Orcish Mines.
 21308 | D:12     | Found a shimmering altar of Xom.
 21469 | D:14     | Noticed a centaur warrior
 21555 | Orc:1    | Entered Level 1 of the Orcish Mines
 21877 | Orc:2    | Entered Level 2 of the Orcish Mines
 21899 | Orc:2    | Noticed Donald
 22130 | Orc:1    | HP: 1/73 [Donald/+0 vorpal long sword (23)]
 22130 | Orc:1    | Slain by Donald

Illustrated notes

Levels and vault maps discovered:
D:1:      saegor_arrival_simple_c, layout_basic
D:2:      layout_basic, minmay_misc_feat_enclosed, st_stairs_4,
          minmay_fractal_squares_5
D:3:      layout_loops_cross, gup_sewer_entry_spiral
D:4:      layout_basic, grunt_decor_cap
D:5:      layout_rooms, nicolae_qazlal_eye_of_the_storm, uniq_sigmund
D:6:      layout_loops_ring, uniq_menkaure
D:7:      layout_basic, kennysheep_mini_moat, minmay_temple_entry_overgrown
D:8:      layout_loops_corners
D:9:      wander_kiku_kobolds, layout_irregular_city, bloody_trog, uniq_maggie,
          uniq_erica
D:10:     layout_cave_pools, grunt_ministairs_6, st_stairs_1, minmay_librarian,
          uniq_urug, uniq_snorg
D:11:     layout_roguey, minmay_lair_entry_grove, nicolae_trove_entry_crossroad
D:12:     layout_basic, orc_0_dummy, xom_teletrap_fun
D:13:     layout_layer_cave, uniq_erolcha
D:14:     layout_roguey, david_vaults_3, lemuel_round_altar,
          palyth_stone_intersect, grunt_ministairs_1,
          nicolae_gozag_cash_rules_everything_around_me
Temple:   dpeg_three_leaves_temple
Orc:1:    layout_caves, abandoned_shop
Orc:2:    grunt_orc_community_town_hall, layout_diamond_mine,
          grunt_orc_community_big_house_1, grunt_orc_community_big_house_2,
          grunt_orc_community_house_3, grunt_orc_community_house_2,
          grunt_orc_community_house_3, grunt_orc_community_house_2,
          grunt_orc_community_house_1, grunt_orc_community_house_2, basic_altar,
          uniq_donald, uniq_nessos

Skill      XL: |  1  2  3  4  5  6  7  8  9 10 11 12 |
---------------+-------------------------------------+-----
Summonings     | 5 6 7 8 9 10 | 10.8
Armour         | 1 2 3 4 5 7 8 |  8.9
Fighting       | 1 2 3 4 5 6 7 8 |  8.2
Dodging        | 3 4 5 6 7 8 9 |  9.3
Shields        | 1 2 3 4 |  4.0
Spellcasting   | 3 4 5 6 7 |  7.8
Polearms       | 1 3 4 6 7 8 |  8.1
Stealth        | |  2.0

Action                   |  1- 3 |  4- 6 |  7- 9 | 10-12 || total
-------------------------+-------+-------+-------+-------++-------
Melee: Unarmed           |     8 |       |       |       ||     8
       Kick              |    12 |    20 |    43 |    83 ||   158
       Peck              |     5 |     8 |    26 |    48 ||    87
       Dagger            |    50 |     2 |       |       ||    52
       Club              |    12 |       |       |       ||    12
       Spear             |       |    99 |       |       ||    99
       Trident           |       |    26 |   385 |   457 ||   868
Throw: Dart              |       |       |    15 |       ||    15
 Cast: Summon Small Mamm |    80 |    38 |    47 |   121 ||   286
       Call Imp          |    16 |    26 |    76 |   120 ||   238
       Call Canine Famil |       |     5 |    88 |    79 ||   172
       Summon Guardian G |       |       |       |    34 ||    34
       Summon Lightning  |       |       |       |    47 ||    47
 Abil: Fly               |       |     1 |       |       ||     1
       Evoke Invisibilit |       |       |     1 |     1 ||     2
Evoke: Wand              |       |       |     1 |     1 ||     2
       Lightning rod     |       |       |       |     1 ||     1
  Use: Scroll            |       |    11 |    11 |    19 ||    41
       Potion            |       |       |       |     3 ||     3
 Stab: Distracted        |     1 |     2 |    11 |     6 ||    20
       Sleeping          |       |     2 |       |       ||     2
       Fleeing           |       |       |     1 |       ||     1
Armor: Robe              |    23 |    21 |     1 |       ||    45
       Leather armour    |       |       |    30 |    19 ||    49
       Troll leather arm |       |       |       |    47 ||    47
Dodge: Dodged            |    73 |    48 |   201 |   386 ||   708
Block: Buckler           |     3 |    12 |    77 |   108 ||   200

Table legend: (Time is in decaauts)
 A = Elapsed time spent in this place.
 B = Non-inter-level travel time spent in this place.
 C = Inter-level travel time spent in this place.
 D = Time resting spent in this place.
 E = Time spent auto-exploring this place.
 F = Levels seen in this place.
 G = Mean time per level.
                   A        B        C        D        E       F      G
               +--------+--------+--------+--------+--------+-----+--------+
         Total |  21297 |  20574 |    723 |   3945 |   8593 |  17 | 1252.8 |
       Dungeon |  20650 |  19935 |    715 |   3725 |   8469 |  14 | 1475.0 |
        Temple |    126 |    118 |      8 |      0 |     58 |   1 |  126.0 |
  Orcish Mines |    520 |    520 |      0 |    219 |     66 |   2 |  260.0 |
               +--------+--------+--------+--------+--------+-----+--------+

Top non-repeatable levels by time:
     D:9: 2604 daAuts
     D:8: 2158 daAuts
    D:13: 1972 daAuts
     D:2: 1949 daAuts
     D:6: 1824 daAuts
     D:3: 1801 daAuts
     D:7: 1691 daAuts
     D:1: 1601 daAuts
     D:4: 1267 daAuts
    D:12: 1071 daAuts
    D:10: 1055 daAuts
     D:5: 1032 daAuts
    D:11: 572 daAuts
   Orc:1: 463 daAuts
  Temple: 126 daAuts
